 Dungeon Crawl Stone Soup version 0.17.1-3-g152610e (webtiles) character file.

69 juanjsm the Sneak (level 4, -1/21 HPs)
             Began as a Spriggan Enchanter on Mar 15, 2016.
             Slain by a gnoll
             ... wielding a +0 club
              (3 damage)
             ... on level 3 of the Dungeon.
             The game lasted 00:09:07 (1383 turns).

juanjsm the Sneak (Spriggan Enchanter)              Turns: 1383, Time: 00:09:07

Health: -1/21      AC:  3    Str:  5    XL:     4   Next: 2%
Magic:  3/9        EV: 18    Int: 16    God:
Gold:   51         SH:  0    Dex: 16    Spells: 4 memorised, 0 levels left

rFire  . . .     SeeInvis +     a - +1 dagger
rCold  . . .     Clarity  .     b - +1 robe
rNeg   . . .     SustAt   .     (shield restricted)
rPois  +         Gourm    .     (helmet restricted)
rElec  .         Spirit   .     (no cloak)
rCorr  .         Warding  .     (gloves unavailable)
rMut   .         Stasis   .     (boots unavailable)
MR     .....                    (no amulet)
Stlth  ++........               m - ring of poison resistance
                                h - +5 ring of slaying

@: glowing, very quick, not resistant to hostile enchantments, unstealthy
A: unfitting armour, see invisible, herbivore 3, speed 3, slow metabolism 2
a: no special abilities


You were on level 3 of the Dungeon.
You were not hungry.

You visited 1 branch of the dungeon, and saw 3 of its levels.

You collected 51 gold pieces.

Inventory:

Hand Weapons
 a - a +1 dagger (weapon)
Missiles
 g - 28 poisoned needles (quivered)
Armour
 b - a +1 robe (worn)
Jewellery
 h - a +5 ring of slaying (left hand)
 m - a ring of poison resistance (right hand)
Scrolls
 i - 3 scrolls of amnesia
Potions
 f - a potion of agility
 k - 2 potions of lignification
 l - a potion of invisibility
Books
 c - a book of Maledictions

   Spells                             Type                      Level
   a - Corona                         Hexes                        1
   b - Ensorcelled Hibernation        Hexes/Ice                    2
   c - Confuse                        Hexes                        3
   d - Tukima's Dance                 Hexes                        3
   e - Dazzling Spray                 Conjuration/Hexes            3
Comestibles
 d - 2 bread rations
 n - a royal jelly


   Skills:
 + Level 0.4 Fighting
 + Level 1.5 Short Blades
 + Level 3.4 Dodging
 + Level 5.6 Stealth
 + Level 3.0 Spellcasting
 + Level 4.4 Hexes
 + Level 0.1 Ice Magic


You couldn't memorise any spells.
You knew the following spells:

 Your Spells              Type           Power        Failure   Level  Hunger
a - Corona                Hex            ###....      3%          1    #......
b - Ensorcelled Hibernat  Hex/Ice        #.....       12%         2    ##.....
c - Confuse               Hex            ###.....     12%         3    ###....
d - Dazzling Spray        Conj/Hex       #.......     28%         3    ###....


Dungeon Overview and Level Annotations

Branches:
Dungeon (3/15)

Altars:

Annotations:
D:3 juanjsm's ghost, amateur SpEn


Innate Abilities, Weirdness & Mutations

You are tiny and cannot use many weapons and most armour.
You have supernaturally acute eyesight.
You are a herbivore.
You cover ground extremely quickly.
You need consume almost no food.


Message History

Found a plain deck of cards.
Read which item? (? for menu, Esc to quit)
As you read the scroll labeled FAUREH ESI KUZ, it crumbles to dust.
It is a scroll of recharging.
You aren't carrying any rechargeable items.
The gnoll misses you.
Juanjsm's ghost points at you and mumbles some strange words.
You resist with some effort.
Read which item? (? for menu, Esc to quit)
As you read the scroll labeled XUMUDAELOFF, it crumbles to dust.
You hear a loud clanging noise!
It was a scroll of noise.
The hobgoblin shouts!
You hear a shout!
You hear a shout!
Juanjsm's ghost misses you. The gnoll hits you with a club!
* * * LOW HITPOINT WARNING * * *
Read which item? (? for menu, Esc to quit)
As you read the scroll labeled VIYMAF MECHI, it crumbles to dust.
The dust glows dull leaf green!
It was a scroll of random uselessness.
Juanjsm's ghost misses you. The gnoll hits you with a club.
You die...

#.............#
#......####
#......#
#..#...##########
##.#..g.....#...#
#>#........#.}.#
#.#........#ggg
#.#.w....#.##g#
+......#.gW@#
........######
........[#
≈≈≈......#
≈≈≈..#+## ≈≈..


You could see juanjsm's ghost, 2 gnolls and 3 hobgoblins.

Vanquished Creatures
  4 adders
  An ooze (D:2)
  A goblin (D:1)
  3 hobgoblins
  2 jackals (D:2)
  8 kobolds
  6 bats
  2 giant newts
  5 rats
32 creatures vanquished.

Notes
Turn   | Place    | Note
--------------------------------------------------------------
     0 | D:1      | juanjsm the Spriggan Enchanter began the quest for the Orb.
     0 | D:1      | Reached XP level 1. HP: 9/9 MP: 5/5
   306 | D:1      | Reached XP level 2. HP: 13/13 MP: 6/6
   310 | D:1      | Learned a level 2 spell: Ensorcelled Hibernation
   872 | D:2      | Reached XP level 3. HP: 16/16 MP: 8/8
   892 | D:2      | Reached skill level 5 in Stealth
   904 | D:2      | Learned a level 3 spell: Confuse
  1327 | D:3      | Reached XP level 4. HP: 21/21 MP: 1/9
  1338 | D:3      | Learned a level 3 spell: Dazzling Spray
  1347 | D:3      | Noticed juanjsm's ghost (amateur SpEn)
  1383 | D:3      | Slain by a gnoll

Action                   |  1- 3 |  4- 6 || total
-------------------------+-------+-------++-------
Melee: Dagger            |    47 |     2 ||    49
 Cast: Corona            |     5 |       ||     5
       Ensorcelled Hiber |     6 |       ||     6
       Confuse           |       |     1 ||     1
  Use: Scroll            |     4 |     3 ||     7
 Stab: Sleeping          |    20 |       ||    20
